 Dungeon Crawl Stone Soup version 0.29.1-1-gd02db6906a (webtiles) character file.

Game seed: 6481305245871580279

1332 groovy9 the Skirmisher (level 8, -5/42 HPs)
             Began as a Deep Elf Arcane Marksman on Sept 15, 2022.
             Killed from afar by an electric eel (10 damage)
             ... with a bolt of electricity
             ... on level 6 of the Dungeon on Sept 16, 2022.
             The game lasted 00:20:20 (5876 turns).

groovy9 the Skirmisher (Deep Elf Arcane Marksman)   Turns: 5876, Time: 00:20:20

Health: -5/42      AC:  4    Str:  7    XL:     8   Next: 34%
Magic:  17/17      EV: 13    Int: 19    God:
Gold:   245        SH:  0    Dex: 17    Spells: 11/16 levels left

rFire   . . .      SeeInvis .   t - +0 longbow
rCold   . . .      Faith    .   (shield currently unavailable)
rNeg    . . .      Spirit   .   c - +0 robe
rPois   .          Reflect  .   n - +1 helmet
rElec   .          Harm     .   (no cloak)
rCorr   .          Rampage  .   (no gloves)
Will    .....                   (no boots)
Stlth   ++........              (no amulet)
HPRegen 0.14/turn               q - ring of flight
MPRegen 0.15/turn               (no ring)

@: flying
A: no striking features
a: no special abilities


You were on level 6 of the Dungeon.
You visited 2 branches of the dungeon, and saw 7 of its levels.

You collected 245 gold pieces.

Inventory:

Hand Weapons
 t - a +0 longbow (weapon)
Armour
 c - a +0 robe (worn)
 h - a +0 leather armour
 n - a +1 helmet (worn)
Jewellery
 g - a ring of ice
 q - a ring of flight (left hand)
Wands
 j - a wand of flame (36)
Scrolls
 a - a scroll of blinking {unknown}
 b - 3 scrolls of poison
 f - 2 scrolls of noise
 k - 2 scrolls of fear
 l - 4 scrolls of vulnerability
 m - a scroll of summoning
 o - a scroll of immolation {unknown}
 u - a scroll of silence {unknown}
Potions
 d - 3 potions of mutation
 e - 3 potions of curing
 i - 2 potions of cancellation
 p - 4 potions of heal wounds
 r - a potion of might
 s - a potion of attraction
 v - a potion of degeneration {unknown}


   Skills:
 - Level 0.7 Fighting
 + Level 10.9 Ranged Weapons
 - Level 2.4 Dodging
 + Level 4.8 Spellcasting
 + Level 6.1 Hexes
 + Level 3.6 Evocations


You had 11 spell levels left.
You knew the following spells:

 Your Spells              Type           Power      Damage    Failure   Level
a - Slow                  Hex            100%       N/A       1%          1
b - Cause Fear            Hex            14%        N/A       10%         4

Your spell library contained the following spells:

 Spells                   Type           Power      Damage    Failure   Level
 Inner Flame              Hex/Fire       16%        N/A       11%         3
 Portal Projectile        Hex/Tloc       32%        N/A       11%         3
 Static Discharge         Conj/Air       4%         3-4/arc   19%         2
 Lightning Bolt           Conj/Air       2%         1d13      98%         5
 Maxwell's Capacitive Co  Air            2%         ∞         100%        8


Dungeon Overview and Level Annotations

Branches:
Dungeon (6/15)             Temple (1/1) D:4

Altars:
Ashenzari
Cheibriados
Dithmenos
Elyvilon
Fedhas
Gozag
Kikubaaqudgha
Makhleb
Nemelex Xobeh
Qazlal
Ru
Trog
Vehumet
Wu Jian
Xom
Zin
The Shining One

Shops:
D:1 !


Message History

Magic restored.
You start resting.
HP restored.
An electric eel is nearby!
Casting: Slow (safe; 1% risk of failure)
Confirm with . or Enter, or press ? or * to list all spells.
Aiming: Slow (safe; 1% risk of failure)
Press: ? - help, Shift-Dir - straight line, f/p - electric eel
Aim: an electric eel (wandering, hasn't noticed you, chance to affect: 72%)
The electric eel seems to slow down.
You shoot an arrow.
The arrow closely misses the electric eel.
You shoot an arrow. The arrow hits the electric eel!
The electric eel is almost dead.
You shoot an arrow.
The arrow closely misses the electric eel.
The electric eel shoots out a bolt of lightning at you!
The bolt of electricity hits you. The bolt of electricity hits you!
You are too injured to fight recklessly!
Fire: t) +0 longbow
Press: ? - help, Q - select action, (/) - cycle Shift-Dir - straight line, f/p - electric eel
Aim: an electric eel (almost dead, slow, 46% to hit)
You shoot an arrow.
The arrow barely misses the electric eel.
The electric eel shoots out a bolt of lightning at you!
The bolt of electricity hits you! x2
* * * LOW HITPOINT WARNING * * *
Fire: t) +0 longbow
Press: ? - help, Q - select action, (/) - cycle Shift-Dir - straight line, f/p - electric eel
Aim: an electric eel (almost dead, slow, 46% to hit)
You shoot an arrow.
The arrow closely misses the electric eel.
Fire: t) +0 longbow
Press: ? - help, Q - select action, (/) - cycle Shift-Dir - straight line, f/p - electric eel
Aim: an electric eel (water, almost dead, slow, 46% to hit)
You shoot an arrow. The arrow misses the electric eel.
An electric eel comes into view.
The electric eel shoots out a bolt of lightning at you!
The bolt of electricity hits you!
You die...

..........#...###........##..#
......#.####....#.....##..#.##
....# #..####........###.##.##
....###...###).##.....##...>##
...........######.######.....#
..................#####......
#..##....)...###..........#..
## #......#.## #~~♣.....~~~♣♣
#........@# ♣♣♣♣♣~♣♣~~~~~~
#..........♣♣~~≈)♣♣♣♣~~~~~
#.####~~..♣~~~~~~~~~~~~~~~ #.
♣~~..................
♣~~~~.~~~~~~~~~~~~P~~~
~~~~~~.~~~~~≈≈P~~~~~~~~
♣~~~~S~.~~~~P~~~P~~~~~~♣
~P~~≈~~.S~~♣♣♣♣###♣~~♣~ .≈~♣
###


You could see 2 electric eels.

Vanquished Creatures
  Menkaure (D:6)
  A black bear (D:4)
  2 ogres (D:6)
  2 phantoms
  A bullfrog (D:6)
  2 necrophages
  A gnoll sergeant (D:6)
  3 scorpions (D:6)
  An electric eel (D:6)
  2 hounds (D:5)
  An iguana (D:5)
  Ijyb (D:3)
  4 gnolls (D:6)
  9 adders
  2 shadow imps (D:5)
  A white imp (D:5)
  An ufetubus (D:5)
  2 worms (D:2)
  2 dart slugs
  4 orcs
  4 bats
  6 endoplasms
  4 goblins
  7 hobgoblins
  8 quokkas
  6 ball pythons
  4 frilled lizards (D:1)
  5 kobolds
  7 rats
94 creatures vanquished.

Vanquished Creatures (others)
  15 plants
15 creatures vanquished.

Grand Total: 109 creatures vanquished

Notes
Turn   | Place    | Note
-------+----------+-------------------------------------------
     0 | D:1      | groovy9 the Deep Elf Arcane Marksman began the quest for
                  | the Orb.
     0 | D:1      | Reached XP level 1. HP: 11/11 MP: 5/5
   122 | D:1      | Reached skill level 3 in Ranged Weapons
   132 | D:1      | Found Batokla's Distillery.
   312 | D:1      | Reached XP level 2. HP: 16/16 MP: 6/6
   384 | D:1      | Reached skill level 4 in Ranged Weapons
   754 | D:1      | Found a faded altar of an unknown god.
  1002 | D:1      | Reached XP level 3. HP: 13/20 MP: 7/7
  1161 | D:2      | Reached skill level 5 in Ranged Weapons
  1640 | D:2      | Reached XP level 4. HP: 24/24 MP: 8/8
  1904 | D:3      | Reached skill level 6 in Ranged Weapons
  2332 | D:3      | Noticed Ijyb
  2361 | D:3      | Killed Ijyb
  2937 | D:4      | Found a staircase to the Ecumenical Temple.
  2950 | Temple   | Entered the Ecumenical Temple
  3040 | D:4      | Reached XP level 5. HP: 28/28 MP: 9/9
  3042 | D:4      | Reached skill level 7 in Ranged Weapons
  3369 | D:4      | Noticed a black bear
  3383 | D:4      | Killed a black bear
  3384 | D:4      | Reached skill level 8 in Ranged Weapons
  3384 | D:4      | Reached XP level 6. HP: 33/33 MP: 10/10
  3488 | D:4      | Found a white marble altar of Elyvilon.
  3546 | D:4      | Reached skill level 9 in Ranged Weapons
  3756 | D:5      | Entered Level 5 of the Dungeon
  4309 | D:5      | Reached XP level 7. HP: 37/37 MP: 9/11
  4314 | D:5      | Learned a level 4 spell: Cause Fear
  4368 | D:6      | Reached skill level 10 in Ranged Weapons
  4368 | D:6      | Reached skill level 1 in Evocations
  4796 | D:6      | Reached skill level 5 in Hexes
  4948 | D:6      | Noticed Menkaure
  4954 | D:6      | Killed Menkaure
  4955 | D:6      | Reached XP level 8. HP: 42/42 MP: 13/16
  5876 | D:6      | Killed from afar by an electric eel

Illustrated notes

Levels and vault maps discovered:
D:1:      psy_arrival_conway, layout_basic, serial_shops, shop,
          shapermc_ecumenical_altar_totnotflames, columned_hall_lemuel
D:2:      layout_rooms, minmay_door_square
D:3:      layout_basic, serial_bayou_ford_a, glass_columns_c,
          minmay_misc_feat_nine_boxes, uniq_ijyb
D:4:      layout_cave_pods, mainiacjoe_overflow_surrounded_room, temple_pool_b,
          minmay_crystal_room
D:5:      layout_rooms
D:6:      layout_cave_pools, serial_bayou_lagoon_b, uniq_menkaure
Temple:   nicolae_temple_x_marks_the_god

Skill      XL: |  1  2  3  4  5  6  7  8 |
---------------+-------------------------+-----
Ranged Weapons | 3 4 5 6 8 9 10 | 10.9
Spellcasting   | 4 |  4.8
Evocations     | 2 3 |  3.6
Hexes          | 5 6 |  6.1
Fighting       | |  0.7
Dodging        | |  2.4

Action                   |  1- 3 |  4- 6 |  7- 9 || total
-------------------------+-------+-------+-------++-------
 Fire: Sling             |   130 |   108 |       ||   238
       Longbow           |       |    12 |   107 ||   119
 Cast: Slow              |    11 |     8 |    22 ||    41
  Use: Scroll            |     2 |    10 |     2 ||    14
       Potion            |     2 |     3 |     1 ||     6
Armor: Robe              |     6 |     1 |     4 ||    11
       Skin              |       |     5 |       ||     5
Dodge: Dodged            |    48 |     8 |    27 ||    83
